 Dungeon Crawl Stone Soup version 0.30.0-3-ga4e48a9924 (webtiles) character file.

Game seed: 14340419098270281953

9628 Renzlar the Blocker (level 11, 89/89 HPs)
             Began as a Gnoll Fighter on May 7, 2023.
             Was a Priest of Okawaru.
             Quit the game on level 10 of the Dungeon on May 8, 2023.
             The game lasted 00:43:44 (10226 turns).

Renzlar the Blocker (Gnoll Fighter)                Turns: 10226, Time: 00:43:45

Health: 89/89      AC: 15    Str: 18    XL:     11   Next: 49%
Magic:  20/20      EV: 12    Int:  7    God:    Okawaru [***...]
Gold:   524        SH:  7    Dex: 16    Spells: 15/23 levels left

rFire   + . .        a - +1 war axe (heavy)
rCold   . . .        l - +0 buckler
rNeg    . . .        E - +2 scale mail {rF+}
rPois   .            (no helmet)
rElec   .            k - +2 cloak
rCorr   .            z - +0 pair of gloves
SInv    .            (no boots)
Will    .....        (no amulet)
Stlth   ++           (no ring)
HPRegen 0.34/turn    (no ring)
MPRegen 0.17/turn

%: no passive effects
@: no status effects
A: fangs 1, strong nose, distributed training, agile 1, evolution 1, MP-powered
wands
a: Renounce Religion, Heroism


You were on level 10 of the Dungeon.
You worshipped Okawaru.
Okawaru was most pleased with you.
You visited 2 branches of the dungeon, and saw 11 of its levels.
You also visited: Sewer.

You collected 524 gold pieces.

Inventory:

Hand Weapons
 a - a +1 heavy war axe (weapon)
 b - the +8 whip of Callousness {freeze, rC++}
   (You found it on level 3 of the Dungeon)

   rC:        It greatly protects you from cold.
 c - a +0 sling
 d - a +2 spear of venom
Missiles
 r - 20 poisoned darts (quivered)
 B - a throwing net
Armour
 k - a +2 cloak (worn)
 l - a +0 buckler (worn)
 z - a +0 pair of gloves (worn)
 E - a +2 scale mail of fire resistance (worn)
Jewellery
 u - a ring of fire
Wands
 m - a wand of paralysis (13)
 p - a wand of digging (5)
 v - a wand of mindburst (11)
 w - a wand of flame (59)
 y - a wand of iceblast (6)
 C - a wand of polymorph (11)
Scrolls
 x - 4 scrolls of teleportation
 A - a scroll of blinking
Potions
 e - 5 potions of heal wounds
 f - 5 potions of magic
 g - a potion of resistance {unknown}
 h - 3 potions of invisibility
 i - a potion of lignification
 o - 9 potions of curing
 q - a potion of berserk rage
 s - 2 potions of haste
 t - 4 potions of flight
 D - 3 potions of might


   Skills:
 + Level 9.4 Fighting
 + Level 6.6 Short Blades
 + Level 6.6 Long Blades
 + Level 8.1 Axes
 + Level 6.6 Maces & Flails
 + Level 6.6 Polearms
 + Level 6.6 Staves
 + Level 6.6 Ranged Weapons
 + Level 6.6 Throwing
 + Level 9.4 Armour
 + Level 6.6 Dodging
 + Level 6.6 Stealth
 + Level 9.4 Shields
 + Level 6.6 Unarmed Combat
 + Level 6.6 Spellcasting
 + Level 5.4 Conjurations
 + Level 5.4 Hexes
 + Level 5.4 Summonings
 + Level 5.4 Necromancy
 + Level 5.4 Translocations
 + Level 5.4 Transmutations
 + Level 5.4 Fire Magic
 + Level 5.4 Ice Magic
 + Level 5.4 Air Magic
 + Level 5.4 Earth Magic
 + Level 5.4 Poison Magic
 + Level 7.2 Invocations
 + Level 6.6 Evocations


You had 15 spell levels left.
You knew the following spells:

 Your Spells              Type           Power      Damage    Failure   Level
a - Blink                 Tloc           18%        N/A       12%         2
b - Volatile Blastmotes   Fire/Tloc      18%        2d11      24%         3
c - Portal Projectile     Hex/Tloc       18%        N/A       24%         3

Your spell library contained the following spells:

 Spells                   Type           Power      Damage    Failure   Level
 Slow                     Hex            36%        N/A       8%          1
 Lesser Beckoning         Tloc           18%        N/A       12%         2
 Momentum Strike          Conj/Tloc      18%        3d8       12%         2
 Confusing Touch          Hex            9%         N/A       24%         3
 Dazzling Flash           Conj/Hex       18%        N/A       24%         3
 Vampiric Draining        Necr           9%         2d6       24%         3
 Iskenderun's Mystic Bla  Conj/Tloc      9%         2d4       61%         4
 Blade Hands              Tmut           4%         N/A       91%         5
 Starburst                Conj/Fire      4%         6d4       100%        6
 Call Canine Familiar     Summ           Unusable   N/A       N/A         3
 Tukima's Dance           Hex            Unusable   N/A       N/A         3
 Summon Ice Beast         Ice/Summ       Unusable   N/A       N/A         4

Dungeon Overview and Level Annotations

Branches:
Dungeon (10/15)            Temple (1/1) D:7            Lair (0/5) D:8
  Sewer (visited)
    Orc: D:9-12

Altars:
Ashenzari
Dithmenos
Elyvilon
Fedhas
Hepliaklqana
Kikubaaqudgha
Makhleb
Nemelex Xobeh
Okawaru
Qazlal
Sif Muna
Trog
Uskayaw
Vehumet
Wu Jian
Xom
Zin
The Shining One

Shops:
D:3 =   D:7 :

Portals:
Trove: D:10 (give 6 scrolls of blinking)


Innate Abilities, Weirdness & Mutations

You have very sharp teeth.
Your uncanny sense of smell can sniff out nearby items.
Your experience applies equally to all skills.
You are agile. (Dex +4, Str/Int -1)
You have hidden genetic potential.
You expend magic power (3 MP) to strengthen your wands.


Message History

Okawaru accepts your kill.
Reactivating autopickup.
You feel a bit more experienced.
c - a +0 sling (weapon)
Found 3 stones.
There is a stone staircase leading down here.
g - a sedimented purple potion A wraith comes into view.
You shoot a sling bullet. The sling bullet hits the wraith.
The wraith is lightly damaged.
You shoot a sling bullet.
The sling bullet hits the wraith but does no damage.
The wraith is lightly damaged.
You shoot a sling bullet.
The sling bullet hits the wraith but does no damage.
The wraith is lightly damaged.
You shoot a sling bullet.
The sling bullet closely misses the wraith.
You shoot a sling bullet. The sling bullet hits the wraith.
The wraith is lightly damaged.
a - a +1 heavy war axe (weapon)
You slice the wraith!!
The wraith is severely damaged.
The wraith hits you but does no damage. The wraith closely misses you.
You hit the wraith but do no damage.
The wraith is heavily damaged.
The wraith hits you. The wraith hits you but does no damage.
You slash the wraith!
The wraith is almost destroyed.
The wraith hits you. The wraith drains your vigour!
You feel yourself slow down.
You slice the wraith!!
You destroy the wraith!
Okawaru accepts your kill.
c - a +0 sling (weapon)
You feel yourself speed up.
Done exploring.
Okay, then.
a - a +1 heavy war axe (weapon)
Are you sure you want to abandon this character and quit the game? (Confirm with "yes".)

.#...........#
##....#.....##
.#....#.>...##
...###.......#
.#..........## ###
...........## ##.###
...........# #....#
..........## #....#
...........## #.@..##
.......##...# ###...##
.........##.## ##....#
........###..###.....#
............<.#...#..#
#....................#
#................#.###
#.........##........#
.......#.###........####


There were no monsters in sight!

Vanquished Creatures
  2 two-headed ogres
  Pikel (D:3)
  Joseph (D:10)
  A gargoyle (D:10)
  An unseen horror (D:10)
  A komodo dragon (D:10)
  A troll (D:10)
  2 hornets
  Grinder (D:5)
  Prince Ribbit (D:5)
  10 yaks
  2 wraiths
  A shadow (D:9)
  2 wyverns
  Eustachio (D:4)
  4 steam dragons
  2 vampire mosquitoes (D:9)
  An acid dragon (D:10)
  A water moccasin (D:7)
  2 ice beasts (D:6)
  An ogre (D:7)
  A sky beast (D:8)
  4 centaurs
  A lemure (D:4)
  A phantom (D:5)
  2 kobold brigands
  3 bullfrogs
  2 gnoll sergeants
  A scorpion (D:7)
  6 killer bees (D:10)
  2 howler monkeys
  5 hounds
  A gnoll bouda (D:6)
  2 jellies
  7 orc priests
  2 iguanas
  7 orc wizards
  19 gnolls
  4 river rats
  8 adders
  A white imp (D:6)
  An ufetubus (D:6)
  4 worms
  5 dart slugs
  34 orcs
  13 ball pythons
  3 bats
  8 endoplasms
  2 giant cockroaches
  7 goblins
  8 hobgoblins
  8 jackals
  16 kobolds
  3 quokkas
  3 frilled lizards
  6 rats
239 creatures vanquished.

Vanquished Creatures (others)
  2 plants (D:8)
2 creatures vanquished.

Grand Total: 241 creatures vanquished

Notes
Turn   | Place    | Note
-------+----------+-------------------------------------------
     0 | D:1      | Renzlar the Gnoll Fighter began the quest for the Orb.
     0 | D:1      | Reached XP level 1. HP: 23/23 MP: 1/1
   125 | D:1      | Reached XP level 2. HP: 29/29 MP: 2/2
   221 | D:1      | Reached XP level 3. HP: 30/35 MP: 3/3
   655 | D:1      | Reached skill level 1 in Invocations
   788 | D:2      | Reached skill level 1 in Short Blades
   788 | D:2      | Reached skill level 1 in Long Blades
   788 | D:2      | Reached skill level 1 in Maces & Flails
   788 | D:2      | Reached skill level 1 in Polearms
   788 | D:2      | Reached skill level 1 in Staves
   788 | D:2      | Reached skill level 1 in Ranged Weapons
   788 | D:2      | Reached skill level 1 in Throwing
   788 | D:2      | Reached skill level 1 in Dodging
   788 | D:2      | Reached skill level 1 in Stealth
   788 | D:2      | Reached skill level 1 in Unarmed Combat
   788 | D:2      | Reached skill level 1 in Spellcasting
   788 | D:2      | Reached skill level 1 in Evocations
   988 | D:2      | Reached XP level 4. HP: 41/41 MP: 5/5
  1092 | D:2      | Found a faded altar of an unknown god.
  1560 | D:3      | Reached skill level 1 in Conjurations
  1560 | D:3      | Reached skill level 1 in Hexes
  1560 | D:3      | Reached skill level 1 in Summonings
  1560 | D:3      | Reached skill level 1 in Necromancy
  1560 | D:3      | Reached skill level 1 in Translocations
  1560 | D:3      | Reached skill level 1 in Transmutations
  1560 | D:3      | Reached skill level 1 in Fire Magic
  1560 | D:3      | Reached skill level 1 in Ice Magic
  1560 | D:3      | Reached skill level 1 in Air Magic
  1560 | D:3      | Reached skill level 1 in Earth Magic
  1560 | D:3      | Reached skill level 1 in Poison Magic
  1563 | D:3      | Identified the +8 whip of Callousness {freeze, rC++}
  1757 | D:3      | Reached XP level 5. HP: 46/47 MP: 5/7
  1763 | D:3      | Found Hethraish's Jewellery Emporium.
  1843 | D:3      | Found a glowing drain.
  1851 | Sewer    | Entered a sewer
  1866 | Sewer    | Noticed a kobold brigand
  1878 | Sewer    | Killed a kobold brigand
  1978 | Sewer    | Reached XP level 6. HP: 53/53 MP: 8/8
  2154 | Sewer    | Reached skill level 5 in Axes
  2866 | D:4      | Noticed Pikel
  2909 | D:3      | Killed Pikel
  2910 | D:3      | Reached XP level 7. HP: 49/60 MP: 9/11
  3217 | D:5      | Entered Level 5 of the Dungeon
  3217 | D:5      | Noticed Eustachio
  3217 | D:5      | Noticed a steam dragon
  3230 | D:4      | Killed a steam dragon
  3231 | D:4      | Reached XP level 8. HP: 54/67 MP: 12/12
  3240 | D:4      | Killed Eustachio
  3274 | D:4      | Learned a level 2 spell: Blink
  3972 | D:5      | Noticed Grinder
  3974 | D:5      | Killed Grinder
  3975 | D:5      | Reached XP level 9. HP: 73/73 MP: 13/15
  4001 | D:5      | Noticed Prince Ribbit
  4024 | D:5      | Killed Prince Ribbit
  4652 | D:6      | Reached skill level 5 in Invocations
  5010 | D:7      | Noticed a two-headed ogre
  5020 | D:7      | Killed a two-headed ogre
  5029 | D:7      | Reached skill level 5 in Short Blades
  5029 | D:7      | Reached skill level 5 in Long Blades
  5029 | D:7      | Reached skill level 5 in Maces & Flails
  5029 | D:7      | Reached skill level 5 in Polearms
  5029 | D:7      | Reached skill level 5 in Staves
  5029 | D:7      | Reached skill level 5 in Ranged Weapons
  5029 | D:7      | Reached skill level 5 in Throwing
  5029 | D:7      | Reached skill level 5 in Dodging
  5029 | D:7      | Reached skill level 5 in Stealth
  5029 | D:7      | Reached skill level 5 in Unarmed Combat
  5029 | D:7      | Reached skill level 5 in Spellcasting
  5029 | D:7      | Reached skill level 5 in Evocations
  5029 | D:7      | Reached XP level 10. HP: 59/81 MP: 17/17
  5172 | D:7      | Found a hide-covered altar of Uskayaw.
  5172 | D:7      | Found a radiant altar of Vehumet.
  5530 | D:7      | Found Ucics's Tremendous Tomes.
  5765 | D:7      | Found a staircase to the Ecumenical Temple.
  5774 | Temple   | Entered the Ecumenical Temple
  5917 | Temple   | Became a worshipper of Warmaster Okawaru
  6066 | D:7      | Learned a level 3 spell: Volatile Blastmotes
  6457 | D:8      | Identified the +0 ring mail "Haipsac" {Dex+3}
  6725 | D:8      | Reached * piety under Okawaru
  6749 | D:8      | Found a staircase to the Lair.
  6983 | D:8      | Got the Tome of the Planar Mob
  7194 | D:8      | Learned a level 3 spell: Portal Projectile
  7936 | D:9      | Noticed a two-headed ogre
  7949 | D:9      | Killed a two-headed ogre
  7949 | D:9      | Reached ** piety under Okawaru
  7950 | D:9      | Reached skill level 5 in Conjurations
  7950 | D:9      | Reached skill level 5 in Hexes
  7950 | D:9      | Reached skill level 5 in Summonings
  7950 | D:9      | Reached skill level 5 in Necromancy
  7950 | D:9      | Reached skill level 5 in Translocations
  7950 | D:9      | Reached skill level 5 in Transmutations
  7950 | D:9      | Reached skill level 5 in Fire Magic
  7950 | D:9      | Reached skill level 5 in Ice Magic
  7950 | D:9      | Reached skill level 5 in Air Magic
  7950 | D:9      | Reached skill level 5 in Earth Magic
  7950 | D:9      | Reached skill level 5 in Poison Magic
  8233 | D:9      | Reached XP level 11. HP: 89/89 MP: 20/20
  8881 | D:10     | Entered Level 10 of the Dungeon
  9101 | D:10     | Noticed Joseph
  9202 | D:10     | Killed Joseph
  9245 | D:10     | Found a portal to a secret trove of treasure.
  9588 | D:10     | Reached *** piety under Okawaru
  9588 | D:10     | Received a gift from Okawaru
  9964 | D:10     | Gained mutation: You are agile. (Dex +4, Str/Int -1)
                  | [potion of mutation]
  9964 | D:10     | Gained mutation: You have hidden genetic potential. [potion
                  | of mutation]
  9964 | D:10     | Gained mutation: You are robust. (+10% HP) [potion of
                  | mutation]
  9964 | D:10     | Gained mutation: Your spells are a little harder to cast,
                  | but a little more powerful. [potion of mutation]
  9965 | D:10     | Lost mutation: You are robust. (+10% HP) [potion of
                  | mutation]
  9965 | D:10     | Lost mutation: Your spells are a little harder to cast, but
                  | a little more powerful. [potion of mutation]
  9965 | D:10     | Lost mutation: You are agile. (Dex +4, Str/Int -1) [potion
                  | of mutation]
  9965 | D:10     | Gained mutation: You are agile. (Dex +4, Str/Int -1)
                  | [potion of mutation]
  9965 | D:10     | Gained mutation: You expend magic power (3 MP) to
                  | strengthen your wands. [potion of mutation]
 10226 | D:10     | Quit the game

Illustrated notes

Levels and vault maps discovered:
D:1:      dpeg_arrival_three_same_balls, layout_basic, minmay_indecisive_spiral
D:2:      layout_loops_ring, basic_ecumenical_altar, hangedman_decor_growths
D:3:      layout_rooms, lightli_sewer_entry_pipes, serial_shops, shop,
          chequers_serial_rivers_micro_b, nicolae_titane
D:4:      kennysheep_big_flooded_room, layout_cave_pools, uniq_pikel
D:5:      layout_basic, minmay_tree_intersection, uniq_grinder,
          uniq_prince_ribbit1, uniq_eustachio
D:6:      layout_rooms
D:7:      layout_loops_cross, gammafunk_temple_overflow_elements,
          minmay_temple_entry_overgrown, nicolae_shop_i_like_big_books
D:8:      layout_layer_cave, dpeg_oklobed_lair
D:9:      layout_long_grid
D:10:     layout_cave_pools, enter_trove_2, uniq_joseph
Temple:   nicolae_temple_slightly_damp_pantheon

Skill      XL: |  1  2  3  4  5  6  7  8  9 10 11 |
---------------+----------------------------------+-----
Invocations    | 1 2 3 4 5 6 7 |  7.2
Short Blades   | 1 2 3 4 5 6 |  6.6
Long Blades    | 1 2 3 4 5 6 |  6.6
Maces & Flails | 1 2 3 4 5 6 |  6.6
Polearms       | 1 2 3 4 5 6 |  6.6
Staves         | 1 2 3 4 5 6 |  6.6
Ranged Weapons | 1 2 3 4 5 6 |  6.6
Throwing       | 1 2 3 4 5 6 |  6.6
Dodging        | 1 2 3 4 5 6 |  6.6
Stealth        | 1 2 3 4 5 6 |  6.6
Unarmed Combat | 1 2 3 4 5 6 |  6.6
Spellcasting   | 1 2 3 4 5 6 |  6.6
Evocations     | 1 2 3 4 5 6 |  6.6
Conjurations   | 1 2 3 4 5 |  5.4
Hexes          | 1 2 3 4 5 |  5.4
Summonings     | 1 2 3 4 5 |  5.4
Necromancy     | 1 2 3 4 5 |  5.4
Translocations | 1 2 3 4 5 |  5.4
Transmutations | 1 2 3 4 5 |  5.4
Fire Magic     | 1 2 3 4 5 |  5.4
Ice Magic      | 1 2 3 4 5 |  5.4
Air Magic      | 1 2 3 4 5 |  5.4
Earth Magic    | 1 2 3 4 5 |  5.4
Poison Magic   | 1 2 3 4 5 |  5.4
Axes           | 5 6 7 8 |  8.1
Fighting       | 7 8 9 |  9.4
Armour         | 7 8 9 |  9.4
Shields        | 7 8 9 |  9.4

Action                     |  1- 3 |  4- 6 |  7- 9 | 10-12 || total
---------------------------+-------+-------+-------+-------++-------
  Melee: War axe           |    89 |    31 |     6 |   106 ||   232
         Bite              |     3 |     9 |    16 |    37 ||    65
         Whip              |       |    90 |   178 |   166 ||   434
         Spear             |       |       |       |    18 ||    18
   Fire: Sling             |       |   109 |    90 |   101 ||   300
  Throw: Dart              |       |       |     7 |     6 ||    13
 Invoke: Heroism           |       |       |       |     1 ||     1
  Evoke: Wand              |       |       |     2 |     3 ||     5
    Use: Scroll            |     4 |     7 |     4 |     9 ||    24
         Potion            |       |       |     1 |     2 ||     3
   Stab: Sleeping          |       |       |       |     1 ||     1
 Armour: Scale mail        |    31 |    42 |    80 |   172 ||   325
  Dodge: Dodged            |    32 |    41 |    76 |   169 ||   318
  Block: Buckler           |    24 |    35 |    43 |    87 ||   189
